 Dungeon Crawl Stone Soup version 0.22.1-1-ga44c0e56f4 (webtiles) character file.

280 Jynx the Changer (level 6, -17/45 HPs)
             Began as an Octopode Transmuter on Nov 8, 2018.
             Was an Initiate of Ashenzari.
             Demolished by an ogre
             ... wielding a cursed -3 giant club
              (22 damage)
             ... on level 4 of the Dungeon.
             The game lasted 00:06:34 (3033 turns).

Jynx the Changer (Octopode Transmuter)              Turns: 3033, Time: 00:06:35

Health: -17/45     AC:  5    Str: 10    XL:     6   Next: 27%
Magic:  8/11       EV: 10    Int: 15    God:    Ashenzari [......]
Gold:   211        SH:  0    Dex: 14    Spells: 1/11 levels left

rFire    x . .     SeeInvis .     - Unarmed
rCold    + + +     Gourm    .   (shield currently unavailable)
rNeg     . . .     Faith    .   (helmet currently unavailable)
rPois    +         Spirit   .   (no amulet)
rElec    .         Reflect  .   (no ring)
rCorr    .         Harm     .   (no ring)
MR       .....                  (no ring)
Stlth    +.........             (no ring)
HPRegen  0.15/turn              (no ring)
MPRegen  0.12/turn              (no ring)
                                (no ring)
                                (no ring)

@: ice-form, starving
A: large, almost no armour, stealthy swim, amphibious, 8 rings, (constrict 8)
a: End Transformation, Curse Item, Renounce Religion


You were on level 4 of the Dungeon.
You worshipped Ashenzari.
Ashenzari was noncommittal.
You were starving.
You were a creature of crystalline ice.
You visited 1 branch of the dungeon, and saw 4 of its levels.

You collected 211 gold pieces.

Inventory:

Missiles
 a - 67 arrows
Jewellery
 l - an uncursed ring of protection from fire
Scrolls
 f - a scroll of fog {unknown}
 g - 2 scrolls of magic mapping
 h - 2 scrolls of enchant weapon {unknown}
 j - 2 scrolls of amnesia
 k - a scroll of teleportation {unknown}
 m - a scroll of random uselessness {unknown}
 n - 3 scrolls of blinking {unknown}
 o - a scroll of immolation {unknown}
Potions
 b - a potion of heal wounds
 d - 4 potions of curing
 e - a potion of might
 i - 3 potions of mutation {unknown}
Comestibles
 c - 9 rations


   Skills:
 - Level 1.0 Fighting
 - Level 2.0 Dodging
 + Level 4.2 Unarmed Combat
 + Level 3.3 Spellcasting
 * Level 4.7 Transmutations


You had one spell level left.
You knew the following spells:

 Your Spells              Type           Power        Failure   Level  Hunger
a - Beastly Appendage     Tmut           ###...       2%          1    None
b - Sticks to Snakes      Tmut           ###.....     4%          2    ##.....
c - Spider Form           Tmut/Pois      #.........   22%         3    ###....
d - Ice Form              Ice/Tmut       #.......     58%         4    ####...

Your spell library contained the following spells:

 Spells                   Type           Power        Failure   Level  Hunger
 Blade Hands              Tmut           ###.......   58%         5    ######.


Dungeon Overview and Level Annotations

Branches:
Dungeon (4/15)
 Temple: D:4-7

Altars:
Ashenzari
Okawaru
The Shining One

Shops:
D:4 %

Annotations:
D:4 Edmund


Innate Abilities, Weirdness & Mutations

You cannot wear most types of armour.
You are very stealthy in the water. (Stealth+)
You are amphibious.
You can wear up to eight rings at the same time.
((You can use your tentacles to constrict eight enemies at once.))
((Your skin changes colour to match your surroundings (Stealth+).))
((Your rubbery body absorbs attacks. (AC +1, EV +1)))


Message History

You hit the ogre but do no damage. The ogre hits you with a giant club!!
Your magical contamination has completely faded away.
You hit the ogre. You freeze the ogre.
The ogre is lightly wounded.
You hit the ogre but do no damage.
The ogre is lightly wounded.
The ogre hits you with a giant club.
You hit the ogre. You freeze the ogre.
The ogre is moderately wounded.
The ogre closely misses you.
You hit the ogre but do no damage.
The ogre is moderately wounded.
You hit the ogre. You freeze the ogre.
The ogre is heavily wounded.
The ogre hits you with a giant club!
* * * LOW HITPOINT WARNING * * *
You hit the ogre but do no damage.
The ogre is heavily wounded.
The ogre hits you with a giant club!!
You die...

#. ##! # #. #. .. . ##.##
#. .#.# #...# .##.#.#
#...# ......## #...#
#...... #..)# #...#
#####...########Y..#### .
.............##O......#..
.......###O.......#.....
.......#∩'...##.........
#####..########..#.#.###
## #...# #....#.# ..
#.O.# #......# #. #...#
###.######## # #. #...#
#.#......# #.#§


You could see an ogre.

Vanquished Creatures
  A phantom (D:4)
  A bullfrog skeleton (D:4)
  An orc wizard (D:3)
  A hound skeleton (D:4)
  6 adders
  An ooze (D:1)
  2 dart slugs (D:1)
  2 leopard geckos
  5 orcs (D:3)
  A ball python (D:1)
  7 bats
  2 giant cockroaches
  6 goblins
  7 hobgoblins
  4 kobolds
  3 frilled lizards
  A jackal skeleton (D:3)
  6 rats
57 creatures vanquished.

Notes
Turn   | Place    | Note
-------+----------+-------------------------------------------
     0 | D:1      | Jynx the Octopode Transmuter began the quest for the Orb.
     0 | D:1      | Reached XP level 1. HP: 13/13 MP: 3/3
    73 | D:1      | Reached XP level 2. HP: 17/18 MP: 3/5
   429 | D:1      | Reached XP level 3. HP: 23/23 MP: 4/6
   433 | D:1      | Learned a level 2 spell: Sticks to Snakes
   437 | D:1      | Learned a level 3 spell: Spider Form
   988 | D:2      | Found a glowing golden altar of the Shining One.
  1178 | D:2      | Found an iron altar of Okawaru.
  1186 | D:2      | Reached XP level 4. HP: 20/28 MP: 5/7
  1920 | D:3      | Found a shattered altar of Ashenzari.
  1945 | D:3      | Became a worshipper of Ashenzari the Shackled
  2263 | D:3      | Reached XP level 5. HP: 31/33 MP: 6/9
  2609 | D:4      | Noticed Edmund
  2767 | D:4      | Noticed a phantom
  2789 | D:3      | Learned a level 4 spell: Ice Form
  2806 | D:4      | Killed a phantom
  2806 | D:4      | Reached XP level 6. HP: 33/38 MP: 6/11
  2900 | D:4      | Found Jywnayhin's Food Emporium.
  3033 | D:4      | Demolished by an ogre

Skill      XL: |  1  2  3  4  5 |
---------------+----------------+-----
Transmutations | 3 4 |  4.7
Spellcasting   | 3 |  3.3
Unarmed Combat | 4 |  4.2
Fighting       | |  1.0
Dodging        | |  2.0

Action                   |  1- 3 |  4- 6 || total
-------------------------+-------+-------++-------
Melee: Unarmed           |    78 |    73 ||   151
       Constrict         |    21 |    13 ||    34
       Kick              |    13 |    11 ||    24
       Tentacles         |    10 |     7 ||    17
       Punch             |       |     1 ||     1
 Cast: Beastly Appendage |    19 |    16 ||    35
       Spider Form       |       |     1 ||     1
       Ice Form          |       |     2 ||     2
  Use: Scroll            |     2 |     3 ||     5
 Stab: Sleeping          |     2 |     3 ||     5
  Eat: Chunk             |     1 |     5 ||     6
Armor: Skin              |     7 |     4 ||    11
Dodge: Dodged            |    63 |    39 ||   102
